 Dungeon Crawl Stone Soup version 0.16.1-11-g651b585 (webtiles) character file.

1063 hulla the Ducker (level 8, -2/48 HPs)
             Began as an Octopode Transmuter on Apr 1, 2015.
             Was a Priest of Makhleb.
             Killed by nerve-wracking pain
             ... invoked by Menkaure
              (13 damage)
             ... on level 6 of the Dungeon.
             The game lasted 00:41:18 (7634 turns).

hulla the Ducker (Octopode Transmuter)              Turns: 7634, Time: 00:41:18

Health: -2/48      AC:  2    Str: 10    XL:     8   Next: 27%
Magic:  12/13      EV: 25    Int: 17    God:    Makhleb [***...]
Gold:   303        SH:  0    Dex: 17    Spells: 3 memorised, 5 levels left

rFire  . . .     SeeInvis .       - Unarmed
rCold  . . .     Clarity  .     (shield currently unavailable)
rNeg   + . .     SustAb   .     (helmet currently unavailable)
rPois  x         Gourm    .     l - amulet of warding
rElec  .         Spirit   .     (no ring)
rCorr  .         Warding  +     (no ring)
rMut   .         Stasis   .     (no ring)
MR     .....                    (no ring)
Stlth  ++........               (no ring)
                                (no ring)
                                (no ring)
                                (no ring)

@: spider-form (expiring), not resistant to hostile enchantments, unstealthy
A: almost no armour, amphibious, 8 rings, (constrict 8), (camouflage 0),
(gelatinous body 0)
a: End Transformation, Minor Destruction, Lesser Servant of Makhleb, Renounce
Religion


You were on level 6 of the Dungeon.
You worshipped Makhleb.
Makhleb was most pleased with you.
You were near starving.
You were a venomous arachnid creature.
You visited 1 branch of the dungeon, and saw 6 of its levels.
You also visited: Sewer and Ossuary.

You collected 303 gold pieces.

Inventory:

Hand weapons
 a - a +0 hunting sling
 j - a cursed +0 club
 v - a cursed +0 blowgun
 A - a +4 morningstar of holy wrath
Missiles
 b - 31 arrows
 h - 91 stones (quivered)
 s - 70 sling bullets
 w - 15 poisoned needles
Jewellery
 l - an amulet of warding (around neck)
Magical devices
 z - a wand of cold (13)
Scrolls
 f - 5 scrolls of teleportation
 n - a scroll of enchant armour
 r - 4 scrolls of identify
 y - 4 scrolls of remove curse
 B - a scroll of recharging
Potions
 e - a potion of flight
 k - a potion of lignification {unknown}
 m - 3 potions of curing
 o - a potion of heal wounds
 p - 3 potions of restore abilities
 q - 2 potions of haste {unknown}
 t - a potion of cure mutation
 x - a potion of might
 C - a potion of cancellation
 D - 2 potions of agility {unknown}
Books
 d - a book of Changes

   Spells                             Type                      Level
   a - Beastly Appendage              Transmutation                1
   b - Sticks to Snakes               Transmutation                2
   c - Spider Form                    Transmutation/Poison         3
   d - Ice Form                       Ice/Transmutation            4
   e - Blade Hands                    Transmutation                5
Comestibles
 c - 6 bread rations
 g - 2 fruits
 i - a royal jelly
 u - a meat ration


   Skills:
 - Level 1.0 Fighting
 + Level 6.8 Dodging
 - Level 3.0 Unarmed Combat
 - Level 2.0 Spellcasting
 - Level 5.3 Transmutations
 - Level 5.0 Poison Magic


You had 5 spell levels left.
You knew the following spells:

 Your Spells              Type           Power        Failure   Level  Hunger
a - Beastly Appendage     Trmt           ###...       10%         1    #......
b - Spider Form           Trmt/Pois      ###.......   24%         3    ###....
c - Sticks to Snakes      Trmt           ###.......   12%         2    ###....


Dungeon Overview and Level Annotations

Branches:
Dungeon (6/15)             Temple (0/1) D:6

Altars:
Dithmenos
Makhleb
Xom
Zin

Shops:
D:6 *

Annotations:
D:6 Menkaure, Sigmund


Innate Abilities, Weirdness & Mutations

You cannot wear most types of armour.
You are amphibious.
You can wear up to eight rings at the same time.
((You can use your tentacles to constrict many enemies at once.))
((Your skin changes colour to match your surroundings (Stealth).))
((Your rubbery body absorbs attacks (AC +1).))


Message History

Menkaure completely misses you. x2
You barely miss Menkaure.
Menkaure is moderately damaged.
Menkaure closely misses you.
You hit Menkaure but do no damage.
Menkaure is moderately damaged.
Menkaure barely misses you.
You hit Menkaure.
Menkaure is heavily damaged.
Menkaure closely misses you.
You hit Menkaure.
Menkaure is severely damaged.
Menkaure calls on the powers of darkness!
Your body is wracked with pain!
* * * LOW HITPOINT WARNING * * *
You hit Menkaure.
Menkaure is severely damaged.
Menkaure casts a spell at you. Pain shoots through your body!
You die...

............##....(..............
.####.#....................?.....
....#.#...........###....#.......
..................###....#.......
#................................
#....#...........................
..<..#..............[#..#........
.....#..................#.......
.#<..#..........sMr.......#..
..####.........####....#.
..#......#+#....).........
#.#......#.#....##.........
..#..#..........##+#'#......
.....................#......
............................
..... ...........<)......... ....
##.....).##).........


You could see Menkaure and a rat.

Vanquished Creatures
  3 ogres (D:5)
  A big kobold (Sewer)
  2 giant frogs
  2 orc priests (D:6)
  A gnoll shaman (D:4)
  2 hounds
  2 orc wizards
  2 worker ants (D:5)
  4 big kobold zombies (Ossuary)
  2 mummies
  6 adders
  10 gnolls
  2 river rats (Sewer)
  A worm zombie (D:6)
  2 giant mites (D:3)
  2 worms
  2 adder skeletons
  3 giant geckos (D:3)
  An ooze (D:4)
  14 orcs
  A spectral bat (Ossuary)
  17 bats
  2 bat skeletons (D:4)
  8 giant cockroaches
  15 goblins
  5 hobgoblins
  6 jackals
  A ball python (D:3)
  A giant cockroach zombie (D:5)
  A giant gecko skeleton (D:4)
  8 giant newts
  5 gnoll zombies (Ossuary)
  3 goblin zombies (Ossuary)
  7 hobgoblin zombies (Ossuary)
  A jackal zombie (D:6)
  14 kobolds
  5 kobold zombies (Ossuary)
  An orc zombie (Ossuary)
  2 quokkas
  A quokka skeleton (D:5)
  37 rats
  A spectral goblin (Ossuary)
  5 spectral kobolds (Ossuary)
  4 spectral rats (Ossuary)
215 creatures vanquished.

Vanquished Creatures (collateral kills)
  3 jackals (D:6)
3 creatures vanquished.

Vanquished Creatures (others)
  A goblin zombie (Ossuary)
  A hobgoblin zombie (Ossuary)
  A quokka zombie (D:6)
3 creatures vanquished.

Grand Total: 221 creatures vanquished

Notes
Turn   | Place    | Note
--------------------------------------------------------------
     0 | D:1      | hulla, the Octopode Transmuter, began the quest for the Orb.
     0 | D:1      | Reached XP level 1. HP: 13/13 MP: 3/3
    65 | D:1      | Reached XP level 2. HP: 15/18 MP: 4/4
   591 | D:1      | Reached XP level 3. HP: 21/23 MP: 4/6
   596 | D:1      | Learned a level 3 spell: Spider Form
   599 | D:1      | Learned a level 2 spell: Sticks to Snakes
  1460 | D:2      | Reached skill level 4 in Transmutations
  1497 | D:2      | Reached XP level 4. HP: 23/28 MP: 5/7
  2038 | D:2      | Reached skill level 1 in Poison Magic
  2657 | D:3      | Found a glowing drain.
  2659 | D:3      | Reached XP level 5. HP: 22/33 MP: 9/9
  2665 | Sewer    | Entered a sewer
  3106 | Sewer    | Found a white marble altar of Elyvilon.
  3323 | D:3      | Found a shimmering altar of Xom.
  3454 | D:3      | Reached XP level 6. HP: 38/38 MP: 3/10
  3613 | D:3      | Reached skill level 5 in Poison Magic
  4584 | D:4      | Found a burning altar of Makhleb.
  4593 | D:4      | Became a worshipper of Makhleb the Destroyer
  4680 | D:4      | Found a shadowy altar of Dithmenos.
  4752 | D:4      | Reached skill level 5 in Transmutations
  5179 | D:5      | Entered Level 5 of the Dungeon
  5496 | D:5      | Reached XP level 7. HP: 39/43 MP: 9/12
  5757 | D:5      | Acquired Makhleb's first power
  6327 | D:6      | Found Zin's Purification Station.
  6570 | D:5      | Reached skill level 5 in Dodging
  6595 | D:6      | Found a staircase to the Ecumenical Temple.
  6646 | D:6      | Reached XP level 8. HP: 44/48 MP: 11/13
  6660 | D:5      | Acquired Makhleb's second power
  6660 | D:5      | Reached skill level 6 in Dodging
  6700 | D:6      | Noticed Sigmund
  6703 | D:6      | Noticed Menkaure
  6764 | D:6      | Found a sand-covered staircase.
  6773 | Ossuary  | Entered an ossuary
  7482 | Ossuary  | Acquired Makhleb's third power
  7542 | D:6      | Found a glowing silver altar of Zin.
  7634 | D:6      | Killed from afar by Menkaure

Action                   |  1- 3 |  4- 6 |  7- 9 || total
-------------------------+-------+-------+-------++-------
Melee: Unarmed           |    95 |   260 |   316 ||   671
 Fire: Hunting sling     |       |    21 |       ||    21
Throw: Stone             |       |    29 |       ||    29
 Cast: Beastly Appendage |    20 |    19 |     1 ||    40
       Spider Form       |       |    10 |    17 ||    27
       Sticks to Snakes  |       |       |     3 ||     3
 Abil: End Transformatio |       |     2 |       ||     2
  Use: Potion            |     4 |     4 |     1 ||     9
       Scroll            |     3 |     8 |     5 ||    16
 Stab: Sleeping          |     5 |     6 |       ||    11
       Distracted        |       |       |     3 ||     3
  Eat: Chunk             |     2 |    12 |     5 ||    19
       Meat ration       |       |     1 |       ||     1
       Fruit             |       |       |     1 ||     1
